Map: Eternal Empire LE

Players

SouLeer - Winner!

  • Race: Zerg Zerg
  • Spawn Location: 1:00

soul

  • Race: Terran Terran
  • League: Grandmaster
  • Spawn Location: 7:00

Event: DreamHack SC2 Masters 2020 Fall

VOD

Have the link to the VOD?

Description

Time

  • Played on: Sept. 5, 2020, 12:33 p.m.
  • Length: 10:47

All games in this series

Show
View Real Time Build Order
Export as new Build Order

SouLeer Zerg - Winner!

Build Orders: 3 Hatch before Pool, Muta Ling Bane 

Get SALT Encoding   

  12  0:00  Drone  
  13  0:12  Overlord  
  13  0:16  Drone  
  14  0:31  Drone x2  
  16  0:53  Hatchery  
  16  0:55  Drone  
  16  0:58  Drone  
  17  1:19  Hatchery  
  16  1:32  Spawning Pool  
  15  1:35  Drone  
  15  1:39  Drone  
  17  1:42  Drone  
  18  1:47  Drone  
  18  1:53  Extractor  
  18  1:58  Drone  
  19  2:09  Drone  
  19  2:11  Drone  
  21  2:18  Queen  
  21  2:19  Zergling x2  
  21  2:21  Queen  
  26  2:28  Spine Crawler  
  25  2:31  Zergling x2  
  25  2:34  Drone  
  27  2:38  Drone  
  27  2:39  Drone  
  27  2:43  Drone  
  29  2:46  Zergling x2  
  29  2:50  Zergling x2  
  31  3:01  Drone  
  31  3:05  Queen, Overlord  
  32  3:08  Metabolic Boost  
  34  3:16  Spine Crawler  
  34  3:17  Drone  
  34  3:25  Drone  
  34  3:26  Drone x3  
  38  3:29  Drone x2  
  40  3:35  Spine Crawler  
  40  3:38  Drone  
  42  3:41  Drone x2  
  42  3:47  Overlord  
  42  3:59  Hatchery  
  41  4:07  Zergling x8  
  41  4:08  Zergling x4  
  41  4:09  Zergling x2  
  48  4:15  Overlord  
  48  4:16  Drone x2  
  50  4:22  Lair  
  50  4:27  Overlord  
  50  4:30  Overlord  
  49  4:35  Drone x2  
  49  4:37  Spore Crawler  
  50  4:39  Spore Crawler  
  50  4:40  Drone  
  51  4:45  Drone x2  
  51  4:51  Drone x3  
  55  4:54  Drone x3  
  55  4:57  Overlord  
  59  5:00  Drone  
  59  5:07  Evolution Chamber  
  59  5:09  Extractor x2  
  59  5:12  Baneling Nest  
  59  5:14  Drone x3  
  58  5:17  Drone  
  58  5:21  Overlord  
  59  5:22  Drone  
  59  5:26  Overseer  
  60  5:30  Overlord  
  60  5:35  Queen  
  62  5:36  Queen  
  62  5:41  Queen  
  66  5:44  Drone  
  66  5:45  Drone  
  66  5:46  Drone  
  66  5:49  Overlord  
  69  5:56  Drone x3  
  72  5:59  Spore Crawler  
  72  6:00  Drone  
  72  6:01  Spire  
  71  6:10  Drone  
  71  6:11  Drone x5  
  75  6:14  Drone x2  
  74  6:20  Drone x3  
  74  6:22  Zerg Melee Weapons Level 1  
  74  6:24  Extractor x2  
  70  6:27  Drone x3  
  70  6:32  Drone x3  
  74  6:33  Drone  
  74  6:35  Extractor  
  71  6:44  Zergling x6  
  74  6:49  Zergling x2  
  74  6:54  Drone x4  
  78  6:56  Drone x2  
  78  6:57  Drone  
  78  7:00  Drone  
  83  7:02  Hatchery  
  82  7:09  Zergling x2  
  82  7:10  Zergling x10  
  88  7:15  Zerg Flyer Weapons Level 1  
  88  7:16  Mutalisk  
  88  7:21  Mutalisk x3  
  95  7:23  Mutalisk  
  95  7:27  Overlord  
  95  7:29  Overlord  
  97  7:39  Centrifical Hooks  
  97  7:42  Overlord  
  97  7:46  Drone  
  97  7:47  Mutalisk x5  
  108  7:51  Mutalisk  
  108  7:56  Drone  
  111  7:59  Mutalisk  
  111  8:01  Zergling x2  
  111  8:02  Zergling x14  
  121  8:08  Overlord x2  
  121  8:14  Drone, Unknown  
  121  8:15  Drone x3  
  121  8:16  Drone  
  125  8:21  Mutalisk  
  125  8:25  Overlord  
  126  8:27  Zergling x10  
  126  8:28  Zergling x6  
  126  8:33  Mutalisk x3  
  138  8:36  Zergling x4  
  138  8:41  Baneling  
  138  8:42  Baneling x8  
  138  8:43  Mutalisk  
  138  8:47  Zergling x2  
  138  8:48  Zergling x10  
  146  8:49  Baneling x3  
  146  8:54  Zergling x6  
  146  8:55  Zergling x2  
  150  8:56  Baneling x5  
  150  8:58  Zergling x2  
  151  9:04  Overlord  
  151  9:14  Zergling x4  
  147  9:18  Zergling x2  
  147  9:19  Zergling x8  
  148  9:24  Zergling x2  
  148  9:25  Zergling x12  
  148  9:28  Mutalisk x4  
  155  9:33  Zergling x2  
  155  9:35  Zergling x2  
  154  9:39  Mutalisk x2  
  154  9:40  Mutalisk x2  
  154  9:42  Zergling x4  
  154  9:43  Zergling x4  
  154  9:51  Mutalisk  
  154  9:52  Mutalisk x3  
  153  9:56  Zergling x4  
  153  9:59  Zergling x2  
  152  10:00  Zergling x2  
  152  10:03  Zergling x6  
  148  10:14  Zergling x2  
  148  10:15  Zergling x14  
  148  10:19  Zergling x2  
  148  10:20  Zergling x4  
  149  10:27  Zergling x4  
Show
View Real Time Build Order
Export as new Build Order

soul Terran 

Build Orders: Reaper Expand 

Get SALT Encoding   

  12  0:00  SCV  
  13  0:12  SCV  
  14  0:17  Supply Depot  
  14  0:24  SCV  
  15  0:39  SCV  
  15  0:40  Barracks  
  16  0:44  Refinery  
  16  0:51  SCV  
  17  1:03  SCV  
  18  1:15  SCV  
  19  1:28  Orbital Command  
  19  1:30  Reaper  
  20  1:43  Command Center  
  20  1:54  Supply Depot  
  20  1:55  SCV  
  21  2:01  Marine  
  21  2:08  SCV  
  23  2:11  Factory  
  23  2:20  Refinery, SCV  
  24  2:23  Barracks Reactor  
  24  2:32  SCV  
  24  2:34  Bunker  
  24  2:44  SCV  
  25  2:56  Factory Tech Lab, SCV  
  25  2:57  Bunker  
  26  2:58  Marine x2  
  26  3:01  Orbital Command  
  28  3:09  SCV  
  29  3:16  Marine x2  
  29  3:17  Siege Tank  
  34  3:21  SCV  
  35  3:27  Supply Depot  
  35  3:29  SCV  
  35  3:33  SCV  
  37  3:36  Starport  
  37  3:41  SCV  
  37  3:45  SCV  
  39  3:56  Hellion x2  
  39  4:01  SCV x2, Supply Depot  
  45  4:08  Supply Depot  
  45  4:16  Fusion Core  
  45  4:17  Hellion  
  45  4:19  SCV  
  48  4:29  Hellion  
  50  4:33  SCV  
  50  4:38  SCV, Supply Depot  
  52  4:39  Hellion  
  52  4:45  SCV  
  55  4:50  Hellion  
  53  5:05  Battlecruiser  
  53  5:06  SCV  
  59  5:13  SCV  
  60  5:18  SCV  
  60  5:25  SCV  
  61  5:30  SCV  
  61  5:32  Hellion  
  64  5:42  SCV  
  64  5:44  Barracks Tech Lab, Orbital Command  
  65  5:52  Command Center  
  65  5:55  SCV  
  66  6:07  Stimpack, SCV, Marine  
  66  6:13  SCV  
  66  6:17  Hellion  
  67  6:19  Hellion, SCV  
  71  6:25  SCV  
  71  6:30  Supply Depot  
  71  6:31  SCV  
  68  6:37  SCV  
  69  6:42  Starport Reactor  
  69  6:43  SCV  
  69  6:44  Engineering Bay  
  70  6:47  Barracks  
  70  6:48  Barracks  
  70  6:50  SCV  
  71  6:54  Factory Reactor  
  71  6:55  SCV  
  72  7:02  SCV, Refinery x2  
  72  7:03  Supply Depot  
  72  7:04  Barracks  
  72  7:05  Engineering Bay  
  72  7:06  Orbital Command, Barracks  
  72  7:07  SCV  
  74  7:11  Terran Infantry Weapons Level 1  
  74  7:16  Missile Turret  
  74  7:17  Missile Turret  
  74  7:19  Missile Turret  
  74  7:23  SCV  
  74  7:28  Orbital Command, Medivac x2  
  74  7:29  SCV, Marine  
  81  7:32  Terran Infantry Armor Level 1, Supply Depot  
  81  7:36  SCV  
  82  7:41  SCV  
  82  7:43  Supply Depot  
  83  7:47  Marine x2  
  83  7:48  SCV  
  86  7:53  Combat Shield, SCV  
  86  7:55  Barracks Reactor x2  
  86  7:56  Siege Tank  
  86  7:57  Marine  
  91  7:58  SCV  
  91  8:00  SCV  
  89  8:05  SCV  
  89  8:07  Marine x2  
  89  8:08  Supply Depot  
  89  8:11  SCV  
  93  8:13  Medivac  
  93  8:14  Armory, Marine x2  
  93  8:15  Marine  
  93  8:17  SCV  
  99  8:25  Marine x2  
  101  8:30  Factory  
  101  8:31  Supply Depot  
  101  8:32  Marine x2  
  101  8:33  Medivac, Supply Depot, Marine  
  106  8:35  Marine  
  106  8:36  Siege Tank  
  110  8:43  Marine  
  110  8:48  SCV  
  110  8:49  Command Center  
  110  8:50  Marine x5  
  115  8:56  Marine  
  115  8:57  Marine x2  
  115  9:01  Marine  
  119  9:08  Marine x5  
  122  9:15  Marine  
  123  9:18  Marine  
  123  9:22  Marine  
  117  9:25  Marine x2  
  117  9:26  Medivac x2, Marine x4  
  106  9:32  Widow Mine, Marine  
  106  9:33  SCV, Widow Mine  
  106  9:36  SCV, Marine  
  100  9:40  Marine  
  100  9:43  Marine x2  
  100  9:44  Marine x3  
  100  9:45  Marine  
  92  9:50  Marine  
  82  9:53  Marine  
  82  9:54  Widow Mine  
  82  9:56  Medivac  
  77  10:00  Marine  
  77  10:01  Marine  
  77  10:02  Marine x3  
  77  10:03  Marine  
  81  10:08  Marine  
  81  10:10  SCV  
  81  10:11  Marine  
  68  10:14  SCV  
  68  10:17  SCV  
  68  10:18  Marine  
  68  10:19  Marine  
  68  10:20  Marine x3  
  68  10:21  Marine  
  66  10:25  Widow Mine  
  66  10:26  Marine  
  62  10:29  SCV  

Tags
 
Add a new tag
Caveats
  • Supply blocks, unpowered buildings, or Contaminate may cause inaccurate times.
  • Supply counts are checked every 10 seconds.